 Dungeon Crawl Stone Soup version 0.26.1-11-gd32895ea62 (webtiles) character file.

Game seed: 5250888112272819219

63 Descartes the Sneak (level 3, 0/15 HPs)
             Began as a Felid Transmuter on May 29, 2021.
             Slain by an orc
             ... wielding a +0 hand axe
              (3 damage)
             ... on level 3 of the Dungeon.
             The game lasted 00:04:25 (3435 turns).

Descartes the Sneak (Felid Transmuter)              Turns: 3435, Time: 00:04:26

Health: 0/15       AC:  1    Str:  7    XL:     3   Next: 87%
Magic:  6/7        EV: 18    Int: 14    God:
Gold:   122        SH:  0    Dex: 16    Spells: 5/6 levels left
                                        Lives:  0   Deaths: 1

rFire    + . .     SeeInvis +     - Unarmed
rCold    x . .     Faith    .   (shield unavailable)
rNeg     . . .     Spirit   .   (armour unavailable)
rPois    .         Reflect  .   (helmet unavailable)
rElec    .         Harm     .   (cloak unavailable)
rCorr    .         Rampage  .   (gloves unavailable)
Will     .....                  (boots unavailable)
Stlth    ++++......             (no amulet)
HPRegen  0.05/turn              i - ring of fire
MPRegen  0.10/turn              (no ring)

@: appendages, quick
A: very small, no armour, no weapons or thrown items, stealth, claws 1, fangs 3,
horns 2, see invisible, speed 1, shaggy fur 1, sharp paws
a: End Transformation


You were on level 3 of the Dungeon.
You had grown temporary horns.
You visited 1 branch of the dungeon, and saw 3 of its levels.

You collected 122 gold pieces.

Inventory:

Jewellery
 i - a ring of fire (left paw)
Scrolls
 a - a scroll of identify {unknown}
 b - a scroll of teleportation {unknown}
 c - 2 scrolls of remove curse {unknown}
 f - a scroll of enchant weapon {unknown}
 h - a scroll of amnesia {unknown}
Potions
 d - a potion of might {unknown}
 e - a potion of invisibility {unknown}
 g - a potion of degeneration {unknown}


   Skills:
 - Level 1.0 Fighting
 - Level 2.6 Dodging
 + Level 6.4 Stealth
 - Level 3.0 Unarmed Combat
 - Level 2.0 Spellcasting
 - Level 2.1 Transmutations


You had 5 spell levels left.
You knew the following spells:

 Your Spells              Type           Power        Failure   Level
a - Beastly Appendage     Tmut           14%          10%         1

Your spell library contained the following spells:

 Spells                   Type           Power        Failure   Level
 Wereblood                Tmut           7%           14%         2
 Spider Form              Tmut/Pois      2%           41%         3
 Ice Form                 Ice/Tmut       4%           83%         4
 Blade Hands              Tmut           3%           95%         5


Dungeon Overview and Level Annotations

Branches:
Dungeon (3/15)

Altars:
Makhleb


Innate Abilities, Weirdness & Mutations

You cannot wear armour.
You are incapable of wielding weapons or throwing items.
Your paws allow you to move quietly. (Stealth)
You have sharp claws.
You have razor-sharp teeth.
You have supernaturally acute eyesight. (SInv)
You cover ground quickly.
You are covered in fur. (AC +1)
Your sharp claws are effective at attacking unaware monsters.
You have a pair of horns on your head.


Message History

Your horns disappear.
The leopard gecko misses you.
You barely miss the leopard gecko. The leopard gecko barely misses you.
You scratch the leopard gecko.
The leopard gecko is heavily wounded.
The leopard gecko closely misses you. x2
Casting: Beastly Appendage (safe; 10% risk of failure)
Confirm with . or Enter, or press ? or * to list all spells.
You grow a pair of large bovine horns.
The leopard gecko bites you.
* * * LOW HITPOINT WARNING * * *
You closely miss the leopard gecko. Your headbutt misses the leopard gecko.
The leopard gecko is heavily wounded.
The leopard gecko completely misses you.
You scratch the leopard gecko. You headbutt the leopard gecko.
You kill the leopard gecko!
You barely miss the orc. The orc misses you.
You scratch the orc.
The orc is lightly wounded.
The orc hits you with a +0 hand axe.
You die...

#........†#
#####..#
#......##)#
##.###
#......##.##
####....
##)...#).#
#.......
#..#..#.#
#.######
###.o##...##
#.#
##..oo###...#
#.# #..##o#
#...###.# #
###.###@#
##......#
##.######.o.#
#.# #......#
........o.###
#.# ####...#
.##...?o###
#.# ###.+
#....o# #.#
#.# #....(#
#.. ..#
#.....# ##.
..# ........#
. ..#
..#.....# .#


You could see an orc wizard (invisible) and 3 orcs.

Vanquished Creatures
  Terence (D:2)
  An adder (D:2)
  An ooze (D:1)
  A worm (D:2)
  2 leopard geckos
  3 orcs (D:3)
  A giant cockroach (D:2)
  9 goblins
  9 hobgoblins
  6 jackals
  7 kobolds
  2 quokkas (D:2)
  A ball python (D:2)
  10 bats
  2 frilled lizards (D:1)
  7 rats
63 creatures vanquished.

Notes
Turn   | Place    | Note
-------+----------+-------------------------------------------
     0 | D:1      | Descartes the Felid Transmuter began the quest for the Orb.
     0 | D:1      | Reached XP level 1. HP: 9/9 MP: 4/4
   106 | D:1      | Reached skill level 1 in Stealth
   180 | D:1      | Reached skill level 2 in Stealth
   193 | D:1      | Reached XP level 2. HP: 9/12 MP: 3/6
   426 | D:1      | Reached skill level 3 in Stealth
  1162 | D:1      | Reached skill level 4 in Stealth
  1329 | D:1      | Reached XP level 3. HP: 15/15 MP: 5/7
  2151 | D:2      | Noticed Terence
  2172 | D:2      | Killed Terence
  2173 | D:2      | Reached skill level 5 in Stealth
  2173 | D:2      | Reached XP level 4. HP: 6/19 MP: 8/8
  2713 | D:2      | Slain by a quokka
  2714 | D:2      | Reached XP level 3. HP: -4/15 MP: 7/7
  2761 | D:2      | Reached skill level 6 in Stealth
  2951 | D:2      | Found a burning altar of Makhleb.
  3435 | D:3      | Slain by an orc

Illustrated notes

Levels and vault maps discovered:
D:1:      scummos_arrival_forest, layout_rooms, serial_co_window_serial,
          co_window_paths_a, co_window_paths_a, co_window_paths_b,
          co_window_corner_a, co_window_corner_a, co_window_paths_a,
          co_window_2corner, co_window_cross_4, co_window_of_opportunity_b,
          co_window_4corner_a, co_window_paths_d, glass_columns_c,
          glass_columns_a, glass_columns_a, glass_columns_a, glass_columns_a
D:2:      layout_basic, marbit_many_paths, uniq_terence
D:3:      layout_rooms, ebering_ghost_inner_flame, minmay_door_square

Skill      XL: |  1  2  3 |
---------------+----------+-----
Stealth        | 2 4 6 |  6.4
Fighting       | |  1.0
Dodging        | |  2.6
Unarmed Combat | |  3.0
Spellcasting   | |  2.0
Transmutations | |  2.1

Action                   |  1- 3 |  4- 6 || total
-------------------------+-------+-------++-------
Melee: Unarmed           |   159 |    31 ||   190
       Bite              |     9 |     4 ||    13
       Headbutt          |    14 |     1 ||    15
 Cast: Beastly Appendage |    41 |     4 ||    45
 Stab: Sleeping          |    12 |       ||    12
Armor: Skin              |    24 |       ||    24
Dodge: Dodged            |   175 |    26 ||   201
